 Dungeon Crawl Stone Soup version 0.18-a0-1631-ga707108 (webtiles) character file.

130 Geeful the Insei (level 5, -2/33 HPs)
             Began as an Octopode Transmuter on Mar 25, 2016.
             Slain by Natasha (3 damage)
             ... on level 3 of the Dungeon.
             The game lasted 00:06:44 (2602 turns).

Geeful the Insei (Octopode Transmuter)              Turns: 2602, Time: 00:06:45

Health: -2/33      AC:  1    Str:  9    XL:     5   Next: 13%
Magic:  7/9        EV: 12    Int: 10    God:
Gold:   177        SH:  0    Dex: 13    Spells: 2 memorised, 6 levels left

rFire  . . .     SeeInvis .     b - +1 dagger (venom)
rCold  . . .     Gourm    .     (no shield)
rNeg   . . .     Faith    .     (helmet restricted)
rPois  .         Spirit   .     (no amulet)
rElec  .         Dismiss  .     h - -6 ring of intelligence (curse)
rCorr  .         Reflect  .     (no ring)
SustAt .         Harm     .     (no ring)
MR     .....                    (no ring)
Stlth  ++........               (no ring)
                                (no ring)
                                (no ring)
                                (no ring)

@: not resistant to hostile enchantments, unstealthy
A: almost no armour, amphibious, 8 rings, constrict 8, camouflage 1, gelatinous
body 1
a: no special abilities


You were on level 3 of the Dungeon.
You were hungry.

You visited 1 branch of the dungeon, and saw 3 of its levels.

You collected 177 gold pieces.

Inventory:

Hand Weapons
 b - a +1 dagger of venom (weapon)
Missiles
 a - 18 arrows
Armour
 m - a +0 buckler
Jewellery
 g - an uncursed amulet of guardian spirit
 h - a cursed -6 ring of intelligence (left tentacle)
Potions
 j - a potion of mutation
 k - a potion of invisibility {unknown}
Books
 d - a book of Changes

   Spells                             Type                      Level
   a - Beastly Appendage              Transmutation                1
   b - Sticks to Snakes               Transmutation                2
   c - Spider Form                    Transmutation/Poison         3
   d - Ice Form                       Ice/Transmutation            4
   e - Blade Hands                    Transmutation                5
Comestibles
 c - 3 bread rations
 i - 3 meat rations


   Skills:
 - Level 1.0 Fighting
 - Level 2.0 Dodging
 * Level 4.3 Unarmed Combat
 + Level 2.7 Spellcasting
 * Level 3.4 Transmutations


You had 6 spell levels left.
You knew the following spells:

 Your Spells              Type           Power        Failure   Level  Hunger
a - Beastly Appendage     Trmt           #.....       10%         1    ##.....
b - Sticks to Snakes      Trmt           #.......     12%         2    ###....


Dungeon Overview and Level Annotations

Branches:
Dungeon (3/15)

Altars:
Elyvilon

Annotations:
D:3 Geeful's ghost, amateur OpTm; Natasha


Innate Abilities, Weirdness & Mutations

You cannot wear most types of armour.
You are amphibious.
You can wear up to eight rings at the same time.
You can use your tentacles to constrict eight enemies at once.
Your skin changes colour to match your surroundings (Stealth).
Your rubbery body absorbs attacks (AC +1).


Message History

Your ball python bites Natasha.
Your ball python closely misses Natasha.
Natasha claws you.
* * * LOW HITPOINT WARNING * * *
Your ball python barely misses Natasha.
Your ball python closely misses Natasha.
You barely miss Natasha. You grab Natasha.
Natasha is lightly wounded.
You constrict Natasha. Natasha claws you.
* * * LOW HITPOINT WARNING * * *
Your ball python bites Natasha but does no damage.
You hit Natasha but do no damage.
Natasha is poisoned.
Natasha is moderately wounded.
You constrict Natasha. Natasha misses you.
Your ball python barely misses Natasha.
You hit Natasha.
Natasha looks even sicker.
You squeeze Natasha.
Natasha is severely wounded.
You constrict Natasha.
Your ball python barely misses Natasha.
Natasha claws you.
You die...

.# .. ..# #.#.# #.#
#.#.# #.# #.#.# #
#.####.#.##
##.####.##......####
...................## ..
......S......#..#...####
..
......h@<.##............
..
..##.##...####..#...####
#. ##.## #..##.## #.#
#..##.# #.#####..##.#
#........>#.#####
..#######.#...... ..#
#.####### #.#


You could see Natasha and a friendly ball python.

Vanquished Creatures
  Natasha (twice) (D:3)
  An adder (D:3)
  2 oozes (D:1)
  A worm (D:2)
  A dart slug (D:2)
  A ball python (D:2)
  7 bats
  6 goblins
  3 hobgoblins
  6 kobolds
  2 quokkas
  2 giant newts (D:1)
  4 rats (D:2)
38 creatures vanquished.

Vanquished Creatures (collateral kills)
  Crazy Yiuf (D:2)
1 creature vanquished.

Grand Total: 39 creatures vanquished

Notes
Turn   | Place    | Note
--------------------------------------------------------------
     0 | D:1      | Geeful the Octopode Transmuter began the quest for the Orb.
     0 | D:1      | Reached XP level 1. HP: 13/13 MP: 3/3
   248 | D:1      | Reached XP level 2. HP: 18/18 MP: 5/5
  1051 | D:2      | Reached XP level 3. HP: 14/23 MP: 2/6
  1745 | D:2      | Learned a level 2 spell: Sticks to Snakes
  1745 | D:2      | Noticed Crazy Yiuf
  1760 | D:2      | Killed Crazy Yiuf
  1760 | D:2      | Reached XP level 4. HP: 14/28 MP: 0/7
  2157 | D:3      | Found a white marble altar of Elyvilon.
  2228 | D:3      | Noticed Natasha
  2237 | D:3      | Killed Natasha
  2237 | D:3      | Reached skill level 4 in Unarmed Combat
  2250 | D:3      | Noticed Natasha
  2255 | D:3      | Killed Natasha
  2255 | D:3      | Reached XP level 5. HP: 33/33 MP: 9/9
  2382 | D:3      | Noticed Geeful's ghost (amateur OpTm)
  2596 | D:3      | Noticed Natasha
  2600 | D:3      | HP: 1/33 [Natasha (3)]
  2602 | D:3      | Slain by Natasha

Vault maps used:
D:1:      lightli_iron_boxes, nrook_mini_vaults
D:2:      serial_glass, glass_columns_a, glass_columns_a, minmay_ruptured,
          uniq_crazy_yiuf_cottage
D:3:      elyvilon_altar_1, first_bread, uniq_natasha

Skill      XL: |  1  2  3  4 |
---------------+-------------+-----
Transmutations | 3 |  3.4
Unarmed Combat | 4 |  4.3
Fighting       | |  1.0
Dodging        | |  2.0
Spellcasting   | |  2.7

Action                   |  1- 3 |  4- 6 || total
-------------------------+-------+-------++-------
Melee: Unarmed           |    53 |    11 ||    64
       Dagger            |     6 |    26 ||    32
 Cast: Beastly Appendage |    11 |     1 ||    12
       Sticks to Snakes  |     1 |     5 ||     6
  Use: Scroll            |     3 |     2 ||     5
       Potion            |     2 |     3 ||     5
 Stab: Sleeping          |     4 |     1 ||     5
  Eat: Chunk             |     3 |     3 ||     6
